 Dungeon Crawl Stone Soup version 0.28-a0-662-g1651b1f1e0 (webtiles) character file.

Game seed: 7454810216946645352

35 bande the Shield-Bearer (level 3, -7/23 HPs)
             Began as a Gargoyle Fighter on Oct 15, 2021.
             Mangled by a wyvern skeleton (12 damage)
             ... on level 3 of the Dungeon.
             The game lasted 00:01:44 (1768 turns).

bande the Shield-Bearer (Gargoyle Fighter)          Turns: 1768, Time: 00:01:45

Health: -7/23      AC: 11    Str: 20    XL:     3   Next: 33%
Magic:  3/3        EV:  5    Int:  8    God:
Gold:   88         SH: 11    Dex:  9    Spells: 2/2 levels left

rFire   . . .      SeeInvis .   a - +0 war axe
rCold   . . .      Faith    .   h - +0 tower shield
rNeg    + . .      Spirit   .   b - +0 scale mail
rPois   ∞          Reflect  .   j - +0 helmet
rElec   +          Harm     .   (no cloak)
rCorr   .          Rampage  .   (no gloves)
Will    .....                   (no boots)
Stlth   ..........              (no amulet)
HPRegen 0.07/turn               (no ring)
MPRegen 0.08/turn               (no ring)

@: no status effects
A: sickness immunity, AC +3, negative energy resistance 1, electricity
resistance, torment resistance 1, petrification resistance
a: no special abilities


You were on level 3 of the Dungeon.
You visited 1 branch of the dungeon, and saw 3 of its levels.

You collected 88 gold pieces.

Inventory:

Hand Weapons
 a - a +0 war axe (weapon)
Armour
 b - a +0 scale mail (worn)
 h - a +0 tower shield (worn)
 j - a +0 helmet (worn)
Scrolls
 c - a scroll of amnesia {unknown}
 e - 3 scrolls of identify {unknown}
 f - a scroll of acquirement {unknown}
 g - a scroll of fog {unknown}
 i - a scroll of vulnerability {unknown}
Potions
 d - a potion of might


   Skills:
 + Level 3.6 Fighting
 + Level 2.1 Axes
 + Level 3.7 Armour
 + Level 0.2 Stealth
 + Level 3.8 Shields


You had 2 spell levels left.
You didn't know any spells.
Your spell library was empty.

Dungeon Overview and Level Annotations

Branches:
Dungeon (3/15)

Altars:


Innate Abilities, Weirdness & Mutations

You are immune to sickness and miasma.
Your stone body is resilient. (AC +3)
You are immune to poison.
You resist negative energy. (rN+)
You are resistant to electric shocks. (rElec)
You are resistant to unholy torment.
You are immune to petrification.


Message History

You block the hobgoblin's attack.
You hit the wyvern skeleton.
The wyvern skeleton is lightly damaged.
Your shield and scale mail prevent you from hitting the hobgoblin.
The wyvern skeleton bites you but does no damage. x2
The hobgoblin hits you but does no damage.
You block the wyvern skeleton's attack.
The hobgoblin hits you but does no damage.
You slash the wyvern skeleton!
The wyvern skeleton is heavily damaged.
Your shield prevents you from hitting the hobgoblin.
You hit the endoplasm. You block the wyvern skeleton's attack.
The endoplasm hits you. The hobgoblin hits you.
The wyvern skeleton barely misses you.
The endoplasm hits you but does no damage.
You closely miss the hobgoblin. You hit the wyvern skeleton.
You hit the endoplasm.
You kill the endoplasm!
The wyvern skeleton bites you but does no damage.
You block the hobgoblin's attack.
The wyvern skeleton bites you but does no damage.
The hobgoblin barely misses you.
You barely miss the hobgoblin. You hit the wyvern skeleton.
The wyvern skeleton bites you but does no damage.
You block the hobgoblin's attack. You block the wyvern skeleton's attack.
The hobgoblin hits you but does no damage.
The wyvern skeleton bites you.
* * * LOW HITPOINT WARNING * * *
You closely miss the hobgoblin.
Your scale mail prevents you from hitting the wyvern skeleton.
You block the wyvern skeleton's attack.
The hobgoblin hits you but does no damage.
The wyvern skeleton barely misses you. The hobgoblin hits you.
* * * LOW HITPOINT WARNING * * *
You barely miss the hobgoblin. You hit the wyvern skeleton.
You block the wyvern skeleton's attack.
The hobgoblin hits you but does no damage.
The wyvern skeleton bites you!
Ouch! That really hurt!
You die...

##.......#.....#
................
............(...
#...............
#........(...>..
...?............
...(...g.(..>...
......†@Z.......
................
........##......
.....#### #.....
###.. ####. #. (
..


You could see a hobgoblin and a wyvern skeleton.

Vanquished Creatures
  A worm (D:2)
  6 endoplasms
  A giant cockroach (D:1)
  5 goblins
  2 hobgoblins
  2 quokkas (D:1)
  2 ball pythons (D:1)
  2 bats (D:1)
  4 kobolds
  3 rats
28 creatures vanquished.

Vanquished Creatures (others)
  2 plants (D:1)
2 creatures vanquished.

Grand Total: 30 creatures vanquished

Notes
Turn   | Place    | Note
-------+----------+-------------------------------------------
     0 | D:1      | bande the Gargoyle Fighter began the quest for the Orb.
     0 | D:1      | Reached XP level 1. HP: 14/14 MP: 1/1
   212 | D:1      | Reached XP level 2. HP: 19/19 MP: 2/2
  1175 | D:2      | Reached XP level 3. HP: 23/23 MP: 3/3
  1768 | D:3      | Mangled by a wyvern skeleton

Illustrated notes

Levels and vault maps discovered:
D:1:      dpeg_arrival_arbitrary_c, layout_loops_corners, serial_bayou_pond_b
D:2:      layout_loops_ring
D:3:      layout_rooms, hellmonk_ecumenical_altar_defaced_shrine, st_stairs_8,
          uniq_sigmund

Skill      XL: |  1  2 |
---------------+-------+-----
Axes           | 2 |  2.1
Fighting       | |  3.6
Armour         | |  3.7
Stealth        | |  0.2
Shields        | |  3.8

Action                   || total
-------------------------++-------
Melee: War axe           ||    72
Armor: Scale mail        ||    42
Dodge: Dodged            ||    42
Block: Buckler           ||    13
       Tower shield      ||    24

Table legend: (Time is in decaauts)
 A = Elapsed time spent in this place.
 B = Non-inter-level travel time spent in this place.
 C = Inter-level travel time spent in this place.
 D = Time resting spent in this place.
 E = Time spent auto-exploring this place.
 F = Levels seen in this place.
 G = Mean time per level.
                   A        B        C        D        E       F      G
               +--------+--------+--------+--------+--------+-----+--------+
         Total |   1810 |   1790 |     20 |      0 |   1518 |   3 |  603.3 |
       Dungeon |   1810 |   1790 |     20 |      0 |   1518 |   3 |  603.3 |
               +--------+--------+--------+--------+--------+-----+--------+

Top non-repeatable levels by time:
     D:1: 1182 daAuts
     D:2: 612 daAuts
     D:3: 16 daAuts
